 Dungeon Crawl Stone Soup version 0.26.0-20-g3ca415f5b8 (webtiles) character file.

Game seed: 563283091913345964

7164 hawla the Thaumaturge (level 10, -9/73 HPs)
             Began as a Red Draconian Conjurer on Jan 25, 2021.
             Was an Initiate of Gozag.
             Mangled by a white ugly thing (35 damage)
             ... on level 11 of the Dungeon.
             The game lasted 00:43:38 (14554 turns).

hawla the Thaumaturge (Red Draconian Conjurer)     Turns: 14554, Time: 00:43:39

Health: -9/73      AC: 15    Str: 14    XL:     10   Next: 86%
Magic:  9/22       EV: 12    Int: 22    God:    Gozag
Gold:   1489       SH:  7    Dex:  7    Spells: 11/26 levels left

rFire    + + +     SeeInvis .   O - staff of earth
rCold    . . .     Faith    .   o - +3 buckler
rNeg     + . .     Spirit   .   (armour unavailable)
rPois    +         Reflect  .   (helmet restricted)
rElec    +         Harm     .   p - +2 cloak of Dauhung {rElec Str+4 Dex-2}
rCorr    +         Rampage  +   x - +1 pair of gloves of Delightful Birdsong {rN+}
Will     .....                  b - +2 pair of boots {rampage}
Stlth    ++........             i - amulet of the acrobat
HPRegen  0.22/turn              s - ring of flight
MPRegen  0.18/turn              G - ring of fire

@: resistant, slowed, studying Shields, very slow
A: breathe fire, unfitting armour, fire resistance 1, cold-blooded, AC +7
a: Breathe Fire, Renounce Religion, Evoke Flight, Potion Petition, Call
Merchant, Bribe Branch


You were on level 11 of the Dungeon.
You worshipped Gozag.
Gozag was most pleased with you.
You visited 2 branches of the dungeon, and saw 12 of its levels.
You also visited: Ossuary.

You collected 2006 gold pieces.
You spent 434 gold pieces at shops.
You paid 83 gold pieces to Gozag.

Inventory:

Hand Weapons
 N - the +7 lajatang of Order {silver, rMut}
   (You found it on level 9 of the Dungeon)

   It protects you from mutation.
Missiles
 h - 14 boomerangs
 n - 5 silver boomerangs (quivered)
 u - 2 curare-tipped darts
 w - 3 silver javelins
Armour
 b - a +2 pair of boots of rampaging (worn)
 o - a +3 buckler (worn)
 p - the +2 cloak of Dauhung (worn) {rElec Str+4 Dex-2}
   (You found it on level 4 of the Dungeon)

   It affects your strength (+4).
   It affects your dexterity (-2).
   It insulates you from electricity.
 x - the +1 pair of gloves of Delightful Birdsong (worn) {rN+}
   (You found it on level 5 of the Dungeon)

   It protects you from negative energy.
Magical Staves
 O - an uncursed staff of earth (weapon)
Jewellery
 i - an amulet of the acrobat (around neck)
 s - a ring of flight (left hand)
 t - an uncursed ring of fire
 G - a ring of fire (right hand)
Wands
 F - a wand of enslavement (4)
 K - a wand of acid (9)
Scrolls
 a - 4 scrolls of fog
 c - 4 scrolls of teleportation
 f - 8 scrolls of remove curse
 j - 4 scrolls of enchant armour
 r - 2 scrolls of blinking
 A - a scroll of amnesia
 B - 3 scrolls of identify
 E - a scroll of fear
 Q - a scroll of holy word
Potions
 d - a potion of cancellation
 e - 4 potions of resistance
 g - 8 potions of curing
 k - 6 potions of flight
 l - 2 potions of brilliance
 q - 5 potions of ambrosia
 z - a potion of berserk rage
 H - a potion of might {unknown}
 I - a potion of lignification {unknown}
 R - a potion of haste
Books
 L - a manual of Shields
Miscellaneous
 M - a box of beasts


   Skills:
 - Level 2.0 Fighting
 + Level 7.6 Staves
 - Level 1.0 Throwing
 - Level 2.2 Dodging
 - Level 2.1 Stealth
 - Level 4.2 Shields
 + Level 8.9 Spellcasting
 - Level 6.8 Conjurations
 - Level 5.0 Translocations
 + Level 8.1 Fire Magic
 + Level 0.0 Evocations


You had 11 spell levels left.
You knew the following spells:

 Your Spells              Type           Power        Failure   Level
a - Magic Dart            Conj           100%         1%          1
b - Searing Ray           Conj           80%          1%          2
c - Iskenderun's Mystic   Conj/Tloc      35%          6%          4
d - Blink                 Tloc           N/A          1%          2
e - Conjure Flame         Conj/Fire      59%          1%          3
f - Inner Flame           Hex/Fire       41%          3%          3

Your spell library contained the following spells:

 Spells                   Type           Power        Failure   Level
 Shock                    Conj/Air       96%          1%          1
 Dazzling Flash           Conj/Hex       48%          4%          3
 Static Discharge         Conj/Air       24%          4%          3
 Beastly Appendage        Tmut           18%          7%          1
 Corona                   Hex            10%          7%          1
 Freeze                   Ice            36%          7%          1
 Mephitic Cloud           Conj/Pois/Air  19%          8%          3
 Portal Projectile        Hex/Tloc       40%          8%          3
 Call Imp                 Summ           9%           11%         2
 Slow                     Hex            9%           11%         2
 Swiftness                Air            9%           11%         2
 Wereblood                Tmut           9%           11%         2
 Fulminant Prism          Conj/Hex       12%          17%         4
 Hailstorm                Conj/Ice       24%          17%         4
 Frozen Ramparts          Ice            18%          21%         3
 Ozocubu's Armour         Ice            9%           21%         3
 Spider Form              Tmut/Pois      4%           21%         3
 Lightning Bolt           Conj/Air       12%          43%         5
 Airstrike                Air            4%           56%         4
 Cause Fear               Hex            4%           56%         4
 Ice Form                 Ice/Tmut       9%           56%         4
 Leda's Liquefaction      Hex/Erth       7%           56%         4
 Summon Ice Beast         Ice/Summ       9%           56%         4
 Blade Hands              Tmut           4%           88%         5


Dungeon Overview and Level Annotations

Branches:
Dungeon (11/15)            Temple (1/1) D:5            Lair (0/6) D:8
    Orc (0/2) D:10        Ossuary (visited)

Altars:
Ashenzari
Cheibriados
Dithmenos
Elyvilon
Fedhas
Gozag
Hepliaklqana
Kikubaaqudgha
Makhleb
Nemelex Xobeh
Okawaru
Qazlal
Ru
Sif Muna
Trog
Uskayaw
Vehumet
Wu Jian
Xom
Yredelemnul
Zin
The Shining One

Shops:
D:10 *

Annotations:
D:9 2 transporters, Zdeegee's ghost, journeyman DsBr


Innate Abilities, Weirdness & Mutations

You can breathe blasts of fire.
Your fiery red scales are hard. (AC +7)
You cannot fit into any form of body armour.
Your flesh is heat resistant. (rF+)
You are cold-blooded and may be slowed by cold attacks.


Message History

The mystic blast hits the white ugly thing but does no damage.
The white ugly thing is moderately wounded.
The white ugly thing punches you! The white ugly thing freezes you!!!
You feel a terrible chill!
You feel yourself slow down.
Ouch! That really hurt!
* * * LOW HITPOINT WARNING * * *
Casting: Iskenderun's Mystic Blast (dangerous; 6% risk of failure)
Confirm with . or Enter, or press ? or * to list all spells.
You erupt in a blast of force!
The mystic blast hits the white ugly thing.
The white ugly thing is moderately wounded.
The white ugly thing is knocked back by the mystic blast.
You feel much better.
You feel yourself speed up.
The white ugly thing punches you but does no damage.
You feel protected. The white ugly thing punches you!
The white ugly thing freezes you!!
You feel yourself slow down.
You die...
Your body crumbles into a pile of gold.

$ #########
#### ........
..... #.....#
..#..
###.....#......
........#......
...............
.......@u......
###############


You could see a white ugly thing.

Vanquished Creatures
  An obsidian statue (D:9)
  A komodo dragon (shapeshifter) (D:10)
  A komodo dragon (D:8)
  Grinder (D:4)
  A wyvern (D:9)
  A yak (D:8)
  5 water moccasins
  Duvessa (D:6)
  5 orc warriors
  A sky beast (D:8)
  2 black bears
  2 ice beasts
  A phantom (D:7)
  3 ogres
  2 centaurs
  A big kobold (D:7)
  6 bullfrogs
  A gnoll sergeant (D:9)
  Dowan (D:6)
  3 water moccasin zombies (Ossuary)
  A water moccasin skeleton (D:5)
  2 scorpions
  9 killer bees
  10 wights
  2 howler monkeys
  A bullfrog zombie (D:5)
  A quasit (D:7)
  8 hounds
  3 jellies
  7 orc priests
  13 orc wizards
  4 bullfrog skeletons
  5 iguanas
  8 worker ants
  4 big kobold zombies (Ossuary)
  3 mummies
  7 gnolls
  2 howler monkey skeletons
  6 adders
  4 shadow imps
  4 white imps
  3 ufetubi
  2 oozes
  6 adder zombies
  An adder skeleton (D:7)
  2 dart slugs
  5 leopard geckos
  38 orcs
  5 giant cockroaches
  4 gnoll zombies (Ossuary)
  6 goblins
  7 hobgoblins
  12 jackals
  8 bats
  4 frilled lizards
  3 hobgoblin zombies (Ossuary)
  10 kobolds
  6 kobold zombies (Ossuary)
  A leopard gecko skeleton (D:4)
  8 orc zombies (Ossuary)
  8 rats
283 creatures vanquished.

Vanquished Creatures (others)
  51 fungi (D:8)
  41 plants
92 creatures vanquished.

Grand Total: 375 creatures vanquished

Notes
Turn   | Place    | Note
-------+----------+-------------------------------------------
     0 | D:1      | hawla the Draconian Conjurer began the quest for the Orb.
     0 | D:1      | Reached XP level 1. HP: 14/14 MP: 3/3
   199 | D:1      | Reached skill level 1 in Fighting
   199 | D:1      | Reached XP level 2. HP: 19/23 MP: 0/5
   222 | D:1      | Learned a level 2 spell: Searing Ray
  1297 | D:2      | Reached XP level 3. HP: 29/29 MP: 2/6
  2061 | D:3      | Found a hide-covered altar of Uskayaw.
  2467 | D:3      | Reached XP level 4. HP: 34/36 MP: 0/9
  2472 | D:3      | Learned a level 4 spell: Iskenderun's Mystic Blast
  2599 | D:3      | Noticed an ogre
  2606 | D:3      | Killed an ogre
  2607 | D:3      | Reached skill level 1 in Translocations
  2607 | D:3      | Reached XP level 5. HP: 41/41 MP: 1/10
  2862 | D:3      | Found a blossoming altar of Fedhas.
  2908 | D:3      | Reached skill level 1 in Throwing
  3189 | D:4      | Found a shadowy altar of Dithmenos.
  3203 | D:4      | Got a scorched cloak
  3209 | D:4      | Identified the +2 cloak of Dauhung {rElec Str+4 Dex-2} (You
                  | found it on level 4 of the Dungeon)
  3234 | D:4      | Reached skill level 1 in Shields
  3250 | D:4      | Reached XP level 6. HP: 44/48 MP: 1/12
  3514 | D:4      | Noticed Grinder
  3602 | D:4      | Killed Grinder
  3603 | D:4      | Reached skill level 5 in Conjurations
  3603 | D:4      | Your scales start taking on a fiery red colour.
  3603 | D:4      | Reached XP level 7. HP: 48/55 MP: 3/13
  3603 | D:4      | Gained mutation: Your flesh is heat resistant. (rF+) [Red
                  | Draconian growth]
  4141 | D:5      | Entered Level 5 of the Dungeon
  4212 | D:5      | Found a broken altar of Ashenzari.
  4623 | D:5      | Found a hazy altar of Hepliaklqana.
  4695 | D:5      | Found a staircase to the Ecumenical Temple.
  4712 | Temple   | Entered the Ecumenical Temple
  5272 | Temple   | Became a worshipper of Gozag Ym Sagoz the Greedy
  5745 | D:5      | Found a snail-covered altar of Cheibriados.
  5837 | D:5      | Got a pair of distressingly furry gloves
  5843 | D:5      | Identified the +1 pair of gloves of Delightful Birdsong
                  | {rN+} (You found it on level 5 of the Dungeon)
  5897 | D:6      | Found a sand-covered staircase.
  5908 | Ossuary  | Entered an ossuary
  6221 | Ossuary  | Reached skill level 5 in Spellcasting
  6228 | Ossuary  | Reached XP level 8. HP: 60/61 MP: 3/15
  6885 | D:6      | Reached skill level 1 in Staves
  7413 | D:6      | Learned a level 2 spell: Blink
  7417 | D:6      | Learned a level 3 spell: Conjure Flame
  7428 | D:6      | Found an iron altar of Okawaru.
  7585 | D:6      | Noticed Duvessa
  7585 | D:6      | Noticed Dowan
  7594 | D:6      | Killed Duvessa
  7594 | D:6      | Killed Dowan
  7595 | D:6      | Reached skill level 1 in Fire Magic
  8003 | D:7      | Reached XP level 9. HP: 67/67 MP: 7/18
  8127 | D:7      | Reached skill level 5 in Translocations
  8279 | D:7      | You fall into a shaft and drop 2 floors!
  8317 | D:9      | Found the +7 lajatang of Order {silver, rMut}
  8325 | D:9      | Noticed an obsidian statue
  8388 | D:9      | Noticed Zdeegee's ghost (journeyman DsBr)
  8424 | D:9      | Noticed a queen bee
  8622 | D:9      | Found a transporter.
  8626 | D:9      | Found a transporter.
  9042 | D:8      | Found an iron altar of Okawaru.
  9126 | D:8      | Noticed a komodo dragon
  9133 | D:8      | Killed a komodo dragon
  9134 | D:8      | Reached skill level 5 in Staves
  9226 | D:8      | Found a staircase to the Lair.
  9365 | D:8      | You fall into a shaft and drop 2 floors!
  9365 | D:10     | Entered Level 10 of the Dungeon
  9524 | D:10     | Reached skill level 5 in Fire Magic
  9706 | D:10     | Noticed a komodo dragon
  9718 | D:10     | Killed a komodo dragon
  9719 | D:10     | Reached XP level 10. HP: 51/73 MP: 8/21
 10126 | D:10     | Found a staircase to the Orcish Mines.
 10780 | D:9      | Learned a level 3 spell: Inner Flame
 11634 | D:7      | Found a radiant altar of Vehumet.
 12796 | D:8      | Found a shimmering blue altar of Sif Muna.
 12943 | D:9      | Noticed a rust devil
 13002 | D:9      | Noticed a rust devil
 13009 | D:9      | Noticed a rust devil
 13009 | D:9      | Noticed a smoke demon
 13124 | D:9      | Noticed a rust devil
 13129 | D:9      | Noticed a rust devil
 13135 | D:9      | Killed an obsidian statue
 13166 | D:9      | Got an ivory great sword
 13400 | D:9      | Found a glowing golden altar of the Shining One.
 13400 | D:9      | Found a glowing silver altar of Zin.
 13400 | D:9      | Found a white marble altar of Elyvilon.
 13943 | D:10     | Found Ukhluih's General Store.
 13950 | D:10     | Bought a scroll of holy word for 82 gold pieces
 13950 | D:10     | Bought a scroll of identify for 22 gold pieces
 13950 | D:10     | Bought 2 potions of resistance for 220 gold pieces
 13950 | D:10     | Bought a potion of haste for 110 gold pieces
 14162 | D:10     | Identified the +9 great sword of Midnight {spect, SInv}
                  | (You found it on level 9 of the Dungeon)
 14543 | D:11     | Noticed a white ugly thing
 14554 | D:11     | Mangled by a white ugly thing

Illustrated notes

Levels and vault maps discovered:
D:1:      dpeg_arrival_connections, layout_loops_ring
D:2:      layout_basic, chequers_arboretum
D:3:      layout_basic, lemuel_coloured_pillars_altar, lemuel_round_altar
D:4:      cheibrodos_old_hovel, layout_basic, nicolae_dithmenos_shadow_blocks,
          uniq_grinder
D:5:      layout_layer_cave, cheibrodos_ashenzari_chains, lemuel_crystal_altar,
          marbit_many_paths, minmay_temple_entry_statues_fountains,
          minmay_misc_feat_ornament
D:6:      layout_basic, gup_ossuary_entry_pyramid, basic_altar, uniq_duvessa
D:7:      layout_basic, kennysheep_mini_moat, minmay_fractal_squares_gapless_5
D:8:      layout_basic, lemuel_round_altar, lemuel_blue_sif_altar,
          due_lair_maze_entry_diamond, minmay_misc_feat_nine_boxes,
          minmay_manual_maat
D:9:      layout_irregular_city, good_gods_mini_temple, gammafunk_ghost_hive,
          hangedman_abyss_or_decor_stagger, minivault_15
D:10:     layout_long_grid, orc_david_3, serial_shops, nicolae_shop_waterfront,
          hex_medium
D:11:     layout_stronghold, minmay_mirror_moons_of_madness
Temple:   dpeg_chambers_temple

Skill      XL: |  1  2  3  4  5  6  7  8  9 10 |
---------------+-------------------------------+-----
Dodging        | 2 |  2.2
Stealth        | 2 |  2.1
Fighting       | 1 2 |  2.0
Spellcasting   | 3 4 5 6 7 8 |  8.9
Translocations | 1 2 3 4 5 |  5.0
Throwing       | 1 |  1.0
Shields        | 1 2 4 |  4.2
Conjurations   | 5 6 |  6.8
Staves         | 3 5 7 |  7.6
Fire Magic     | 1 5 8 |  8.1

Action                   |  1- 3 |  4- 6 |  7- 9 | 10-12 || total
-------------------------+-------+-------+-------+-------++-------
Melee: Unarmed           |    56 |       |       |       ||    56
       Tailslap          |     6 |     2 |    12 |     4 ||    24
       Dagger            |       |    29 |    83 |       ||   112
       Staff             |       |       |    41 |    22 ||    63
Throw: Boomerang         |       |       |     6 |     4 ||    10
 Cast: Magic Dart        |    28 |    12 |    77 |    52 ||   169
       Searing Ray       |    22 |    17 |    79 |    59 ||   177
       Iskenderun's Myst |       |     1 |    30 |    26 ||    57
       Conjure Flame     |       |       |     1 |     2 ||     3
 Abil: Breathe Fire      |       |       |     5 |     3 ||     8
       Stop Flying       |       |       |       |     1 ||     1
       Evoke Flight      |       |       |       |     1 ||     1
  Use: Scroll            |    12 |     4 |    10 |     5 ||    31
       Potion            |       |       |     1 |     2 ||     3
Armor: Skin              |    33 |    22 |    65 |    19 ||   139
Dodge: Dodged            |    52 |    43 |   156 |    60 ||   311
Block: Buckler           |       |       |    70 |    24 ||    94
